 Dungeon Crawl Stone Soup version 0.31.0-11-ge490571c62 (webtiles) character file.

Game seed: 4277570967579136504

91 ssalbiz the Firebug (level 4, -1/32 HPs)
             Began as a Gnoll Fire Elementalist on Feb 3, 2024.
             Slain by an orc
             ... wielding a +3 hand axe
              (4 damage)
             ... on level 2 of the Dungeon.
             The game lasted 00:03:25 (1734 turns).

ssalbiz the Firebug (Gnoll Fire Elementalist)       Turns: 1734, Time: 00:03:26

Health: -1/32      AC:  2    Str:  7    XL:     4   Next: 57%
Magic:  1/11       EV: 13    Int: 16    God:
Gold:   126        SH:  0    Dex: 13    Spells: 10/13 levels left

rFire   . . .        h - +0 short sword
rCold   . . .        (no shield)
rNeg    . . .        a - +0 robe
rPois   .            (no helmet)
rElec   .            k - scarf {repulsion}
rCorr   .            (no gloves)
SInv    .            (no boots)
Will    .....        (no amulet)
Stlth   +++          (no ring)
HPRegen 0.25/turn    (no ring)
MPRegen 0.12/turn

%: repel missiles
@: no status effects
A: fangs 1, strong nose, distributed training
a: no special abilities


You were on level 2 of the Dungeon.
You visited 1 branch of the dungeon, and saw 2 of its levels.

You collected 126 gold pieces.

Inventory:

Hand Weapons
 h - a +0 short sword (weapon)
Missiles
 f - 6 poisoned darts
Armour
 a - a +0 robe (worn)
 k - a scarf of repulsion (worn)
Jewellery
 i - a ring of willpower
 s - an amulet of magic regeneration
Scrolls
 e - a scroll of enchant weapon {unknown}
 g - a scroll of immolation {unknown}
 j - a scroll of teleportation {unknown}
 l - a scroll of brand weapon {unknown}
 m - 3 scrolls of noise {unknown}
 n - a scroll of vulnerability {unknown}
 r - a scroll of identify {unknown}
Potions
 b - a potion of magic
 c - 3 potions of cancellation {unknown}
 d - a potion of degeneration {unknown}
 o - a potion of lignification {unknown}
 p - 2 potions of curing {unknown}
 q - a potion of haste {unknown}


   Skills:
 + Level 1.2 Fighting
 + Level 1.2 Short Blades
 + Level 1.2 Long Blades
 + Level 1.2 Axes
 + Level 1.2 Maces & Flails
 + Level 1.2 Polearms
 + Level 1.2 Staves
 + Level 1.2 Ranged Weapons
 + Level 1.2 Throwing
 + Level 1.2 Armour
 + Level 4.7 Dodging
 + Level 4.3 Stealth
 + Level 1.2 Shields
 + Level 1.2 Unarmed Combat
 + Level 5.1 Spellcasting
 + Level 2.3 Conjurations
 + Level 1.0 Hexes
 + Level 1.0 Summonings
 + Level 1.0 Necromancy
 + Level 1.0 Translocations
 + Level 5.5 Fire Magic
 + Level 1.0 Ice Magic
 + Level 1.0 Air Magic
 + Level 1.0 Earth Magic
 + Level 1.0 Alchemy
 + Level 1.3 Invocations
 + Level 1.2 Evocations
 + Level 1.1 Shapeshifting


You had 10 spell levels left.
You knew the following spells:

 Your Spells              Type           Power      Damage    Failure   Level
a - Foxfire               Conj/Fire      64%        2x1d7     3%          1
b - Scorch                Fire           42%        2d6       2%          2

Your spell library contained the following spells:

 Spells                   Type           Power      Damage    Failure   Level
 Inner Flame              Hex/Fire       14%        N/A       12%         3
 Volatile Blastmotes      Fire/Tloc      28%        2d12      12%         3
 Flame Wave               Conj/Fire      16%        2d7       30%         4


Dungeon Overview and Level Annotations

Branches:
Dungeon (2/15)

Altars:

Shops:
D:1 *


Innate Abilities, Weirdness & Mutations

You have very sharp teeth.
Your uncanny sense of smell can sniff out nearby items.
Your experience applies equally to all skills.


Message History

Unknown command.
Casting: Scorch (safe; 2% risk of failure)
Confirm with . or Enter, or press ? or * to list all spells.
Flames lash the adder.
The adder is burned terribly!
You kill the adder!
The quokka bites you but does no damage.
The orc completely misses you.
Unknown command.
Unknown command.
Casting: Scorch (safe; 2% risk of failure)
Confirm with . or Enter, or press ? or * to list all spells.
Flames lash the quokka.
You kill the quokka!
The orc hits you with a +3 hand axe.
Unknown command.
Casting: Scorch (safe; 2% risk of failure)
Confirm with . or Enter, or press ? or * to list all spells.
You don't have enough magic to cast this spell.
Casting: Scorch (safe; 2% risk of failure)
Confirm with . or Enter, or press ? or * to list all spells.
You conjure some foxfire!
The orc misses you. The goblin hits you with a +0 club.
Found a spear.
The foxfire hits the goblin.
You kill the goblin!
The orc attacks as it pursues you! The orc hits you with a +3 hand axe!
Casting: Foxfire (safe; 3% risk of failure)
Confirm with . or Enter, or press ? or * to list all spells.
Flames lash the orc.
The orc is severely wounded.
The orc's fire resistance burns away.
The orc attacks as it pursues you! The orc hits you with a +3 hand axe.
* * * LOW HITPOINT WARNING * * *
The orc attacks as it pursues you! The orc hits you with a +3 hand axe!
* * * LOW HITPOINT WARNING * * *
The orc is no longer more vulnerable to fire.
The orc attacks as it pursues you! The orc closely misses you.
Casting: Scorch (safe; 2% risk of failure)
Confirm with . or Enter, or press ? or * to list all spells.
You conjure some foxfire!
The orc hits you with a +3 hand axe.
You die...

##.#########.............#.#..#.
#...................##.........
#............#####.###.##.#..#.
#.#.#''#.#...# #.# #.##.#..#.
#...#..#.....# #.# #.##.#..#.
....########...### #.# #.##.#..#.
[...+ #!)#.'.#...###.###.##.#####
....+ #:[#÷'.#...v....)..........
....###†.###...o@v.#####.##.####.
......#..#...#.##.###............
....#.#')#.#.#..............###..
)......†.....#.#####..##.#..# #..
........#...##.######.##.#..###..
#######.#...#.8...# #[...........
#.....#8..P.# #............
##........8.####......###.. ##
#...............>.#....†..


You could see an orc (ally target).

Vanquished Creatures
  A hound skeleton (D:2)
  2 adders (D:2)
  An adder skeleton (D:2)
  A bat (D:1)
  9 endoplasms
  2 giant cockroaches (D:2)
  8 goblins
  3 hobgoblins
  5 kobolds
  5 quokkas
  6 ball pythons
  3 frilled lizards (D:1)
  A quokka skeleton (D:2)
  A quokka zombie (D:2)
  A rat (D:2)
49 creatures vanquished.

Vanquished Creatures (others)
  55 foxfires
55 creatures vanquished.

Grand Total: 104 creatures vanquished

Notes
Turn   | Place    | Note
-------+----------+-------------------------------------------
     0 | D:1      | ssalbiz the Gnoll Fire Elementalist began the quest for the
                  | Orb.
     0 | D:1      | Reached XP level 1. HP: 13/13 MP: 6/6
    33 | D:1      | Reached XP level 2. HP: 19/19 MP: 1/7
    37 | D:1      | Learned a level 2 spell: Scorch
   107 | D:1      | Found Puduag's General Store.
   361 | D:1      | Reached skill level 5 in Spellcasting
   361 | D:1      | Reached XP level 3. HP: 25/25 MP: 5/9
   794 | D:2      | Reached skill level 1 in Invocations
   833 | D:2      | Reached skill level 1 in Fighting
   833 | D:2      | Reached skill level 1 in Short Blades
   833 | D:2      | Reached skill level 1 in Long Blades
   833 | D:2      | Reached skill level 1 in Axes
   833 | D:2      | Reached skill level 1 in Maces & Flails
   833 | D:2      | Reached skill level 1 in Polearms
   833 | D:2      | Reached skill level 1 in Staves
   833 | D:2      | Reached skill level 1 in Ranged Weapons
   833 | D:2      | Reached skill level 1 in Throwing
   833 | D:2      | Reached skill level 1 in Armour
   833 | D:2      | Reached skill level 1 in Shields
   833 | D:2      | Reached skill level 1 in Unarmed Combat
   833 | D:2      | Reached skill level 1 in Evocations
  1308 | D:2      | Reached skill level 1 in Shapeshifting
  1308 | D:2      | Reached XP level 4. HP: 32/32 MP: 6/11
  1703 | D:2      | Reached skill level 1 in Hexes
  1703 | D:2      | Reached skill level 1 in Summonings
  1703 | D:2      | Reached skill level 1 in Necromancy
  1703 | D:2      | Reached skill level 1 in Translocations
  1703 | D:2      | Reached skill level 1 in Ice Magic
  1703 | D:2      | Reached skill level 1 in Air Magic
  1703 | D:2      | Reached skill level 1 in Earth Magic
  1703 | D:2      | Reached skill level 1 in Alchemy
  1734 | D:2      | Slain by an orc

Illustrated notes

Levels and vault maps discovered:
D:1:      minmay_arrival_solitary_statue, layout_rooms, serial_shops, shop,
          chequers_serial_rivers_small_a, minmay_cut_off
D:2:      layout_basic, serial_undead, serial_undead_c, serial_undead_b,
          serial_undead_c, serial_undead_f, serial_undead_d, serial_undead_c,
          serial_undead_d, serial_undead_e, minmay_mini_jars

Skill      XL: |  1  2  3  4 |
---------------+-------------+-----
Conjurations   | 2 |  2.3
Spellcasting   | 5 |  5.1
Invocations    | 1 |  1.3
Fighting       | 1 |  1.2
Short Blades   | 1 |  1.2
Long Blades    | 1 |  1.2
Axes           | 1 |  1.2
Maces & Flails | 1 |  1.2
Polearms       | 1 |  1.2
Staves         | 1 |  1.2
Ranged Weapons | 1 |  1.2
Throwing       | 1 |  1.2
Armour         | 1 |  1.2
Shields        | 1 |  1.2
Unarmed Combat | 1 |  1.2
Evocations     | 1 |  1.2
Shapeshifting  | 1 |  1.1
Hexes          | 1 |  1.0
Summonings     | 1 |  1.0
Necromancy     | 1 |  1.0
Translocations | 1 |  1.0
Ice Magic      | 1 |  1.0
Air Magic      | 1 |  1.0
Earth Magic    | 1 |  1.0
Alchemy        | 1 |  1.0
Dodging        | |  4.7
Stealth        | |  4.3
Fire Magic     | |  5.5

Action                     |  1- 3 |  4- 6 || total
---------------------------+-------+-------++-------
  Melee: Short sword       |    17 |       ||    17
         Bite              |     3 |       ||     3
   Cast: Foxfire           |    31 |     2 ||    33
         Scorch            |    10 |    15 ||    25
   Stab: Sleeping          |     1 |       ||     1
 Armour: Robe              |    10 |    12 ||    22
  Dodge: Dodged            |    10 |     6 ||    16
